 Dungeon Crawl Stone Soup version 0.32-a0-705-g60f233581c (webtiles) character file.

Game seed: 14703698837092636784

6254 Fodor the Cleaver (level 10, -2/94 HPs)
             Began as a Minotaur Fighter on Mar 14, 2024.
             Was an Initiate of Gozag.
             Succumbed to Sonja's poison
             ... on level 10 of the Dungeon.
             The game lasted 00:29:31 (9069 turns).

Fodor the Cleaver (Minotaur Fighter)                Turns: 9069, Time: 00:29:32

Health: -2/94      AC: 16    Str: 25 (28) XL:     10   Next: 62%
Magic:  9/9        EV:  6    Int:  2 (5)  God:    Gozag
Gold:   759        SH: 14    Dex:  8 (10) Spells: 9/9 levels left

rFire   . . .        a - +0 war axe
rCold   + . .        c - +0 tower shield
rNeg    . . .        f - +0 chain mail
rPois   .            (helmet restricted)
rElec   +            M - +1 cloak of the Eight Boll Weevils {Harm rElec rC- Str+3}
rCorr   .            r - +0 pair of gloves
SInv    .            k - +0 pair of boots
Will    +....        (no amulet) Stlth
                     p - ring of willpower
HPRegen 0.35/turn    D - ring of protection from cold
MPRegen 0.11/turn

%: harm (+30% outgoing, +20% incoming)
@: lethally poisoned (-2 -> -44), gold aura
A: horns 2, retaliatory headbutt, cold resistance 1, robust 1
a: Renounce Religion, Potion Petition, Call Merchant, Bribe Branch


You were on level 10 of the Dungeon.
You worshipped Gozag.
Gozag was pleased with you.
You visited 3 branches of the dungeon, and saw 12 of its levels.

You collected 1116 gold pieces.
You spent 228 gold pieces at shops.
You paid 129 gold pieces to Gozag.

Inventory:

Hand Weapons
 a - a +0 war axe (weapon)
 v - a +2 arbalest
Missiles
 I - 8 boomerangs (quivered)
Armour
 b - a +0 plate armour
 c - a +0 tower shield (worn)
 f - a +0 chain mail (worn)
 k - a +0 pair of boots (worn)
 r - a +0 pair of gloves (worn)
 M - the +1 cloak of the Eight Boll Weevils (worn) {Harm rElec rC- Str+3}
   (You bought it in a shop on level 6 of the Dungeon)

   Str+3:     It affects your strength (+3).
   rC-:       It makes you vulnerable to cold.
   rElec:     It insulates you from electricity.
   Harm:      It increases damage dealt and taken.
Jewellery
 i - a ring of magical power
 p - a ring of willpower (left hand)
 x - a +6 ring of dexterity
 A - a ring of see invisible
 B - a ring of resist corrosion
 D - a ring of protection from cold (right hand)
 J - a ring of poison resistance
Talismans
 d - a beast talisman
Wands
 C - a wand of charming (11)
 G - a wand of roots (22)
 P - a wand of polymorph (2)
Scrolls
 e - 5 scrolls of fog
 g - 2 scrolls of blinking
 h - 2 scrolls of immolation
 l - 2 scrolls of acquirement
 n - a scroll of fear {unknown}
 q - 3 scrolls of teleportation
 w - a scroll of amnesia {unknown}
 y - a scroll of revelation
 z - a scroll of noise {unknown}
 E - a scroll of silence {unknown}
 N - a scroll of enchant weapon
 O - 2 scrolls of vulnerability {unknown}
 Q - a scroll of enchant armour {unknown}
Potions
 j - a potion of haste {unknown}
 m - a potion of brilliance {unknown}
 o - 2 potions of enlightenment {unknown}
 s - 2 potions of degeneration
 t - a potion of resistance {unknown}
 u - 3 potions of mutation
 F - a potion of curing {unknown}
 H - 2 potions of attraction {unknown}
 L - 4 potions of lignification {unknown}


   Skills:
 + Level 7.6 Fighting
 + Level 12.4 Axes
 + Level 9.7 Armour
 + Level 3.1 Dodging
 + Level 1.3 Stealth
 + Level 9.8 Shields


You had 9 spell levels left.
You didn't know any spells.
Your spell library contained the following spells:

 Spells                   Type           Power      Damage    Failure   Level
 Apportation              Tloc           0%         N/A       100%        1
 Necrotise                Necr           0%         1d4       100%        1
 Jinxbite                 Hex            0%         N/A       100%        2
 Vampiric Draining        Necr           0%         2d6       100%        3
 Martyr's Knell           Necr/Summ      0%         N/A       100%        4
 Alistair's Intoxication  Alch           0%         N/A       100%        5
 Borgnjor's Vile Clutch   Necr/Erth      0%         N/A       100%        5
 Curse of Agony           Necr           0%         N/A       100%        5
 Eringya's Noxious Bog    Alch           0%         4d6       100%        6


Dungeon Overview and Level Annotations

Branches:
Dungeon (10/15)            Temple (1/1) D:6            Lair (1/5) D:9
    Orc: D:9-12

Altars:
Ashenzari
Cheibriados
Dithmenos
Elyvilon
Gozag
Hepliaklqana
Kikubaaqudgha
Makhleb
Nemelex Xobeh
Okawaru
Qazlal
Sif Muna
Trog
Uskayaw
Vehumet
Wu Jian
Xom
Yredelemnul
Zin
The Shining One

Shops:
D:1 (((=   D:6 [[((

Portals:
Bailey: D:10

Annotations:
D:4 3 runed translucent doors, lunkers's ghost, amateur CoBe
D:7 Jeremiah
D:10 Erolcha; Sonja


Innate Abilities, Weirdness & Mutations

You have a pair of horns on your head.
You reflexively headbutt those who attack you in melee.
Your flesh is cold resistant. (rC+)
You are robust. (+10% HP)


Message History

You block Sonja's attack. x2
An orc comes into view. It is wielding a +0 mace.
Something hits you but does no damage. You block the goblin's attack.
You block Sonja's attack. Sonja hits you but does no damage.
You are lethally poisoned!
Sonja hits you but does no damage.
You are more poisoned.
You miss Sonja.
The killer bee buzzes angrily.
You hit the goblin.
You kill the goblin!
You closely miss something. You hit Erolcha but do no damage.
You feel extremely sick.
The killer bee is distracted by your dazzling golden aura.
Erolcha completely misses you. You furiously retaliate!
You headbutt Erolcha.
The orc is distracted by your dazzling golden aura.
You hear some strange, mumbled words.
A magic dart appears from out of thin air!
The magic dart hits you.
* * * LOW HITPOINT WARNING * * *
Sonja says, "Someone hired me to kill you, but I'm not supposed to say who."
You block Sonja's attack. x2
Sonja hits you with a +1 dagger of venom.
* * * LOW HITPOINT WARNING * * *
You are more poisoned.
It was a potion of degeneration.
There was something very wrong with that liquid.
You feel weakened.
You feel dopey.
You feel clumsy.
* * * LOW HITPOINT WARNING * * *
You feel extremely sick.
A killer bee comes into view.
Sonja hits you with a +1 dagger of venom.
* * * LOW HITPOINT WARNING * * *
You block Sonja's attack. x2; Something hits you but does no damage.
Erolcha closely misses you. You block the goblin's attack.
It was a potion of mutation.
You feel extremely strange.
You feel robust.
You feel resistant to cold.
You hear the creaking of a portcullis.
You die...
Your body crumbles into a pile of gold.

#####################************
.....................,,,,,,,,,,,,
....#...............,,,,,,,,,,,,,
#...#............######.,,,,,,,,,
#...............Kg......,,,,,,,,,
#...............@{......,,,,,,,**
#...............$O.o...o,,,,,,,,,
#......###+#####.≈≈~≈≈.#,,,,,,,,,
#......#,,,,,,,..≈...≈.#,,,,,,,**
.......#,,,,,,,..~.∩.~.#,,,,,,,*
########,,,,,,...≈.>.≈y.******,*
,,,,,,,,,,,,,,!..≈≈~≈≈y.,,,,,*,**
,,,,,,,,,,,,,...........,,,,,*,,,
,,,,,,,,,,,,,,,,**,,,,,,,,,,,*,,,


You could see Erolcha, Sonja, 2 killer bees, 2 orcs and a goblin.

Vanquished Creatures
  Pikel (D:6)
  Joseph (D:8)
  2 hornets
  6 yaks (D:8)
  A shadow (D:5)
  Eustachio (D:4)
  A steam dragon (D:7)
  3 water moccasins
  An orc warrior (D:10)
  2 sky beasts
  3 centaurs
  4 ogres
  A phantom (D:7)
  2 lemures (D:6)
  A kobold brigand (D:9)
  2 bullfrogs
  2 scorpions (D:5)
  A gnoll sergeant (D:10)
  17 wights
  6 killer bees (D:9)
  4 howler monkeys
  4 electric eels (D:9)
  A bombardier beetle (D:3)
  2 hounds
  2 orc priests
  3 sleepcaps
  3 orc wizards
  3 iguanas
  10 gnolls
  7 adders
  A shadow imp (D:7)
  2 white imps
  4 dart slugs
  27 orcs
  9 endoplasms
  2 giant cockroaches
  11 goblins
  9 hobgoblins
  18 kobolds
  7 quokkas
  6 ball pythons
  2 bats
  3 frilled lizards (D:3)
  7 rats
205 creatures vanquished.

Notes
Turn   | Place    | Note
-------+----------+-------------------------------------------
     0 | D:1      | Fodor the Minotaur Fighter began the quest for the Orb.
     0 | D:1      | Reached XP level 1. HP: 19/19 MP: 0/0
   174 | D:1      | Found Jiobius's Jewellery Boutique.
   230 | D:1      | Reached XP level 2. HP: 27/27 MP: 1/1
   256 | D:1      | Found Tearetak's Antique Weapon Shoppe.
   321 | D:1      | Found Osonko's Antique Weapon Emporium.
   558 | D:1      | Found Zetwith's Weapon Emporium.
   771 | D:2      | Found a faded altar of an unknown god.
   775 | D:2      | Reached XP level 3. HP: 33/33 MP: 2/2
   865 | D:2      | Reached skill level 3 in Axes
  1423 | D:3      | Reached XP level 4. HP: 41/41 MP: 3/3
  1579 | D:3      | Reached XP level 5. HP: 47/47 MP: 4/4
  1689 | D:3      | Reached skill level 4 in Axes
  1881 | D:3      | Reached skill level 5 in Shields
  1884 | D:3      | Found an iron altar of Okawaru.
  1986 | D:4      | Identified 2 scrolls of acquirement
  2050 | D:4      | Noticed Eustachio
  2081 | D:4      | Killed Eustachio
  2082 | D:4      | Reached skill level 5 in Axes
  2082 | D:4      | Reached skill level 1 in Dodging
  2082 | D:4      | Reached XP level 6. HP: 52/53 MP: 5/5
  2442 | D:4      | Found a runed translucent gate.
  2445 | D:4      | Found a runed translucent gate.
  2445 | D:4      | Found a runed translucent gate.
  2445 | D:4      | Noticed lunkers's ghost (amateur CoBe)
  2878 | D:4      | Found a broken altar of Ashenzari.
  2887 | D:4      | Reached skill level 5 in Fighting
  3015 | D:5      | Entered Level 5 of the Dungeon
  3078 | D:5      | Reached skill level 6 in Axes
  3078 | D:5      | Reached XP level 7. HP: 60/61 MP: 6/6
  3226 | D:5      | Noticed a shadow
  3234 | D:5      | Killed a shadow
  3456 | D:5      | Reached skill level 7 in Axes
  3466 | D:5      | Reached skill level 5 in Armour
  3959 | D:6      | Reached XP level 8. HP: 64/69 MP: 7/7
  4015 | D:6      | You fall into a shaft and drop 1 floor!
  4486 | D:6      | Reached skill level 8 in Axes
  4486 | D:6      | Reached skill level 1 in Stealth
  4620 | D:6      | Noticed Pikel
  4641 | D:6      | Killed Pikel
  4890 | D:6      | Found Gefoipud's Antique Weapon Emporium.
  4901 | D:6      | Reached skill level 9 in Axes
  4901 | D:6      | Found a staircase to the Ecumenical Temple.
  4917 | Temple   | Entered the Ecumenical Temple
  4930 | Temple   | Became a worshipper of Gozag Ym Sagoz the Greedy
  4958 | D:6      | Reached XP level 9. HP: 47/75 MP: 8/8
  5469 | D:6      | Noticed an animated plate armour
  5478 | D:6      | Found Baqugamm's Armour Emporium.
  5480 | D:6      | Noticed an animated crystal plate armour
  5640 | D:6      | Found Qavudgh's Weapon Boutique.
  5664 | D:6      | Found Syst's Armour Shoppe.
  5679 | D:6      | Bought the +1 cloak of the Eight Boll Weevils {Harm rElec
                  | rC- Str+3} for 228 gold pieces
  6540 | D:7      | Noticed Jeremiah
  6879 | D:8      | Identified the +2 trident "Bej Sama" {freeze, Int+8 Stlth-}
  6934 | D:8      | Reached skill level 10 in Axes
  7050 | D:8      | Reached skill level 11 in Axes
  7312 | D:8      | Noticed Joseph
  7370 | D:8      | Killed Joseph
  7371 | D:8      | Reached XP level 10. HP: 60/86 MP: 9/9
  8012 | D:9      | Found a staircase to the Lair.
  8021 | Lair:1   | Entered Level 1 of the Lair of Beasts
  8325 | D:9      | Reached skill level 12 in Axes
  8869 | D:10     | Entered Level 10 of the Dungeon
  9057 | D:10     | Found a flagged portal.
  9057 | D:10     | Noticed Sonja
  9059 | D:10     | Noticed Erolcha
  9069 | D:10     | Gained mutation: You are robust. (+10% HP) [potion of
                  | mutation]
  9069 | D:10     | Gained mutation: Your flesh is cold resistant. (rC+)
                  | [potion of mutation]
  9069 | D:10     | Succumbed to Sonja's poison

Illustrated notes

Levels and vault maps discovered:
D:1:      scummos_arrival_checkerplants, layout_basic, serial_shops,
          nicolae_shop_bloodbath_and_beyond, nicolae_shop_waterfront, shop, shop
D:2:      layout_basic, ebering_ecumenical_altar_abandoned,
          guppyfry_early_orc_mine
D:3:      layout_rooms, okawaru_altar_gauntlet_db, minmay_starry_boxes
D:4:      nicolae_cairo_tiling_very_big, layout_loops_corners,
          lemuel_crystal_altar, ebering_ghost_rock_garden, uniq_eustachio
D:5:      layout_cave_pods
D:6:      layout_loops_cross, minmay_temple_entry_mini_moons, serial_shops,
          nicolae_shop_peninsula, nicolae_shop_mannequins, shop, shop,
          uniq_pikel
D:7:      layout_loops_corners, mainiacjoe_overflow_two_lobes, uniq_jeremiah
D:8:      layout_basic, uniq_joseph
D:9:      layout_basic, lair_entry_dummy, serial_library_hellmonk_room_b
D:10:     layout_stronghold, enter_bailey_5, uniq_sonja, uniq_erolcha
Temple:   regret_index_temple_chain_breaker
Lair:1:   layout_cave_pods, gammafunk_ghost_berserking_beasts,
          nicolae_quartered_pool_super, minivault_24, grunt_megastairs_5,
          uniq_amaemon

Skill      XL: |  1  2  3  4  5  6  7  8  9 10 |
---------------+-------------------------------+-----
Fighting       | 4 5 6 7 |  7.6
Shields        | 4 5 6 7 8 9 |  9.8
Axes           | 3 5 6 7 9 11 12 | 12.4
Armour         | 4 5 7 8 9 |  9.7
Dodging        | 1 2 3 |  3.1
Stealth        | 1 |  1.3

Action                     |  1- 3 |  4- 6 |  7- 9 | 10-12 || total
---------------------------+-------+-------+-------+-------++-------
  Melee: War axe           |    91 |   153 |   275 |   165 ||   684
         Headbutt          |    11 |    20 |    48 |    18 ||    97
    Use: Scroll            |       |     6 |     1 |     4 ||    11
         Potion            |       |       |     1 |     2 ||     3
   Stab: Distracted        |       |       |       |     3 ||     3
 Armour: Scale mail        |    72 |    78 |       |       ||   150
         Chain mail        |       |    24 |   185 |   128 ||   337
         Skin              |       |       |     1 |       ||     1
  Dodge: Dodged            |    27 |    23 |    32 |    50 ||   132
  Block: Buckler           |     8 |       |       |       ||     8
         Tower shield      |    38 |   150 |   161 |   177 ||   526

Table legend: (Time is in decaauts)
 A = Elapsed time spent in this place.
 B = Non-inter-level travel time spent in this place.
 C = Inter-level travel time spent in this place.
 D = Time resting spent in this place.
 E = Time spent auto-exploring this place.
 F = Levels seen in this place.
 G = Mean time per level.
                   A        B        C        D        E       F      G
               +--------+--------+--------+--------+--------+-----+--------+
         Total |   9315 |   9212 |    103 |   1025 |   5368 |  12 |  776.2 |
       Dungeon |   9288 |   9185 |    103 |   1025 |   5368 |  10 |  928.8 |
        Temple |     24 |     24 |      0 |      0 |      0 |   1 |   24.0 |
          Lair |      1 |      1 |      0 |      0 |      0 |   1 |    1.0 |
               +--------+--------+--------+--------+--------+-----+--------+

Top non-repeatable levels by time:
     D:7: 1492 daAuts
     D:6: 1310 daAuts
     D:8: 1284 daAuts
     D:4: 1079 daAuts
     D:5: 954 daAuts
     D:9: 904 daAuts
     D:1: 790 daAuts
     D:3: 647 daAuts
     D:2: 623 daAuts
    D:10: 201 daAuts
  Temple: 24 daAuts
  Lair:1: 1 daAuts
